 Dungeon Crawl Stone Soup version 0.29.1-15-g9cfb28693d (webtiles) character file.

Game seed: 10127918259874719977

30 4FPSwarrior the Conjurer (level 2, -3/23 HPs)
             Began as a Demigod Conjurer on Mar 12, 2023.
             Slain by Terence
             ... wielding a +2 falchion of holy wrath
              (6 damage)
             ... on level 2 of the Dungeon.
             The game lasted 00:02:08 (1152 turns).

4FPSwarrior the Conjurer (Demigod Conjurer)         Turns: 1152, Time: 00:02:09

Health: -3/23      AC:  3    Str:  8    XL:     2   Next: 84%
Magic:  0/7        EV: 12    Int: 26    God:
Gold:   40         SH:  0    Dex: 12    Spells: 4/5 levels left

rFire   . . .      SeeInvis .   (no weapon)
rCold   . . .      Faith    .   (no shield)
rNeg    . . .      Spirit   .   a - +0 robe
rPois   .          Reflect  .   (no helmet)
rElec   .          Harm     .   (no cloak)
rCorr   .          Rampage  .   e - +0 pair of gloves
Will    .....                   (no boots)
Stlth   ++........              (no amulet)
HPRegen 0.07/turn               l - +6 ring of intelligence
MPRegen 0.10/turn               (no ring)

@: no status effects
A: high MP 1, forlorn, divine attributes
a: no special abilities


You were on level 2 of the Dungeon.
You visited 1 branch of the dungeon, and saw 2 of its levels.

You collected 40 gold pieces.

Inventory:

Armour
 a - a +0 robe (worn)
 e - a +0 pair of gloves (worn)
Jewellery
 l - a +6 ring of intelligence (left hand)
Scrolls
 c - a scroll of enchant weapon {unknown}
 d - a scroll of amnesia {unknown}
 f - a scroll of identify {unknown}
 h - a scroll of acquirement {unknown}
 i - a scroll of teleportation {unknown}
Potions
 b - a potion of magic
 g - a potion of haste {unknown}
 j - a potion of curing {unknown}
 k - 2 potions of degeneration {unknown}


   Skills:
 + Level 1.0 Fighting
 - Level 1.7 Dodging
 - Level 1.7 Stealth
 + Level 2.1 Spellcasting
 * Level 4.1 Conjurations


You had 4 spell levels left.
You knew the following spells:

 Your Spells              Type           Power      Damage    Failure   Level
a - Magic Dart            Conj           96%        1d7       1%          1

Your spell library contained the following spells:

 Spells                   Type           Power      Damage    Failure   Level
 Searing Ray              Conj           48%        2d6       2%          2
 Dazzling Flash           Conj/Hex       26%        N/A       13%         3
 Fulminant Prism          Conj/Hex       6%         3d7       41%         4
 Iskenderun's Mystic Bla  Conj/Tloc      13%        2d5       41%         4


Dungeon Overview and Level Annotations

Branches:
Dungeon (2/15)

Annotations:
D:2 Terence


Innate Abilities, Weirdness & Mutations

You have an increased reservoir of magic. (+10% MP)
You shall have no god before yourself.
Your divine heritage dramatically boosts your attributes as you level up.


Message History

Confirm with . or Enter, or press ? or * to list all spells.
Aiming: Magic Dart (safe; 1% risk of failure)
Press: ? - help, Shift-Dir - straight line, f/p - Terence
Aim: Terence, wielding a +2 falchion of holy wrath and wearing a +0 scale mail (heavily wounded, 100% to hit)
The magic dart hits Terence but does no damage.
Terence is heavily wounded.
Casting: Magic Dart (safe; 1% risk of failure)
Confirm with . or Enter, or press ? or * to list all spells.
Aiming: Magic Dart (safe; 1% risk of failure)
Press: ? - help, Shift-Dir - straight line, f/p - Terence
Aim: Terence, wielding a +2 falchion of holy wrath and wearing a +0 scale mail (heavily wounded, 100% to hit)
The magic dart hits Terence but does no damage.
Terence is heavily wounded.
Terence misses you.
Casting: Magic Dart (safe; 1% risk of failure)
Confirm with . or Enter, or press ? or * to list all spells.
Aiming: Magic Dart (safe; 1% risk of failure)
Press: ? - help, Shift-Dir - straight line, f/p - Terence
Aim: Terence, wielding a +2 falchion of holy wrath and wearing a +0 scale mail (heavily wounded, 100% to hit)
The magic dart hits Terence.
Terence is heavily wounded.
Terence completely misses you.
Casting: Magic Dart (safe; 1% risk of failure)
Confirm with . or Enter, or press ? or * to list all spells.
Aiming: Magic Dart (safe; 1% risk of failure)
Press: ? - help, Shift-Dir - straight line, f/p - Terence
Aim: Terence, wielding a +2 falchion of holy wrath and wearing a +0 scale mail (heavily wounded, 100% to hit)
The magic dart hits Terence.
Terence is severely wounded.
Terence hits you with a +2 falchion of holy wrath.
Terence attacks as you move away!
Terence hits you with a +2 falchion of holy wrath.
Terence attacks as you move away!
Terence hits you with a +2 falchion of holy wrath.
Terence attacks as you move away!
Terence hits you with a +2 falchion of holy wrath!
* * * LOW HITPOINT WARNING * * *
Terence attacks as you move away!
Terence hits you with a +2 falchion of holy wrath.
You die...

### ..# #.# #.# #.
#.####
#.##########.##.#
#.#......)....@.#
#.#.########.##@#
### ### #.#...#
#.##.# #.## ..
#.###.#
#.##.###.>##.#
#.###.#
#.##.#.#...#.######
#.....#
#.#................
#..####
#†#..#.#..##.######
#..# #.#..#.#..# .#
#<.# #.........@#


You could see Terence.

Vanquished Creatures
  4 endoplasms (D:1)
  2 giant cockroaches (D:1)
  4 goblins (D:1)
  4 hobgoblins (D:1)
  3 kobolds
  3 ball pythons (D:1)
  A bat (D:1)
  4 frilled lizards
  4 rats (D:1)
29 creatures vanquished.

Vanquished Creatures (others)
  3 fungi (D:1)
  8 plants (D:1)
11 creatures vanquished.

Grand Total: 40 creatures vanquished

Notes
Turn   | Place    | Note
-------+----------+-------------------------------------------
     0 | D:1      | 4FPSwarrior the Demigod Conjurer began the quest for the
                  | Orb.
     0 | D:1      | Reached XP level 1. HP: 14/14 MP: 5/5
   286 | D:1      | Reached XP level 2. HP: 22/22 MP: 0/7
   520 | D:1      | Reached skill level 4 in Conjurations
   834 | D:1      | Reached skill level 1 in Fighting
  1132 | D:2      | Noticed Terence
  1152 | D:2      | Slain by Terence

Illustrated notes

Levels and vault maps discovered:
D:1:      lemuel_arrival_river_passageway, layout_rooms,
          shapermc_ecumenical_altar_mp_urbaneastern
D:2:      layout_basic, basic_altar, st_stairs_10, kennysheep_cross_bottleneck,
          uniq_terence

Skill      XL: |  1  2 |
---------------+-------+-----
Spellcasting   | 2 |  2.1
Conjurations   | 4 |  4.1
Fighting       | 1 |  1.0
Dodging        | |  1.7
Stealth        | |  1.7

Action                   || total
-------------------------++-------
 Cast: Magic Dart        ||    65
Armor: Robe              ||     2
Dodge: Dodged            ||     9
